 Dungeon Crawl Stone Soup version 0.23-a0-650-ga4d50d4d25 (webtiles) character file.

87495 Mazzaar the Geomancer (level 15, -3/93 HPs)
             Began as a Gargoyle Earth Elementalist on Jan 6, 2019.
             Was a High Priest of Vehumet.
             Killed by divine providence
             ... invoked by Saint Roka
              (14 damage)
             ... on level 2 of the Orcish Mines.
             The game lasted 01:48:28 (31949 turns).

Mazzaar the Geomancer (GrEE)                       Turns: 31949, Time: 01:48:28

Health: -3/93      AC: 20    Str: 17    XL:     15   Next: 90%
Magic:  19/29      EV: 15    Int: 33    God:    Vehumet [*****.]
Gold:   2187       SH:  0    Dex: 10    Spells: 14/34 levels left

rFire    + + +     SeeInvis .   Q - +3 eveningstar "Widowmaker" {flame, rC+ Str+3}
rCold    + + +     Gourm    .   (no shield)
rNeg     + . .     Faith    .   R - +2 robe {rC+ rF+}
rPois    ∞         Spirit   .   (helmet restricted)
rElec    +         Reflect  .   E - scarf {rC+ rF+}
rCorr    +         Harm     .   J - +1 pair of gloves
MR       .....                  T - +1 pair of boots of Magic {rF++ MR- rCorr Int+4}
Stlth    ++........             H - amulet of rage
HPRegen  0.25/turn              a - +4 ring of intelligence
MPRegen  0.21/turn              O - +3 ring of intelligence

@: flying, drained
A: antennae 1, big wings, hooves 1, negative energy resistance 1, electricity
resistance, strong 1, unbreathing, petrification resistance, no potion heal 1,
rot immunity, AC +11
a: Stop Flying, Renounce Religion, Evoke Berserk Rage


You were on level 2 of the Orcish Mines.
You worshipped Vehumet.
Vehumet was extremely pleased with you.
You were not hungry.

You visited 4 branches of the dungeon, and saw 23 of its levels.
You also visited: Ice Cave.

You collected 2469 gold pieces.
You spent 282 gold pieces at shops.

Inventory:

Hand Weapons
 o - a +3 flail of protection
 K - a +0 vampiric morningstar
 Q - the +3 eveningstar "Widowmaker" (weapon) {flame, rC+ Str+3}
   (You acquired it on level 6 of the Lair of Beasts)

   It has been specially enchanted to burn those struck by it, causing extra
   injury to most foes and up to half again as much damage against particularly
   susceptible opponents.
   It affects your strength (+3).
   It protects you from cold.
Missiles
 b - 187 stones (quivered)
Armour
 E - a scarf of resistance (worn)
 J - a +1 pair of gloves (worn)
 R - a +2 robe of resistance (worn)
 T - the +1 pair of boots of Magic (worn) {rF++ MR- rCorr Int+4}
   (You found it on level 13 of the Dungeon)

   It affects your intelligence (+4).
   It greatly protects you from fire.
   It affects your resistance to hostile enchantments.
   It provides partial protection from all sources of acid and corrosion.
Magical Staves
 c - an uncursed staff of fire
 s - an uncursed staff of earth
 F - an uncursed staff of conjuration {unknown}
Jewellery
 a - a +4 ring of intelligence (left hand)
 h - an uncursed ring of resist corrosion
 p - an uncursed ring of protection from fire
 q - an uncursed ring of positive energy
 y - an uncursed ring of protection from magic
 H - an amulet of rage (around neck)
 O - a +3 ring of intelligence (right hand)
Wands
 m - a wand of digging (24)
 r - a wand of disintegration (11)
 w - a wand of acid (8)
 B - a wand of enslavement (6)
 D - a wand of iceblast (8)
 I - a wand of random effects (18)
 N - a wand of flame (11)
Scrolls
 e - 10 scrolls of teleportation
 g - a scroll of immolation
 l - 4 scrolls of amnesia
 t - 12 scrolls of remove curse
 z - 2 scrolls of magic mapping
 A - 3 scrolls of blinking
 C - 5 scrolls of fog
 U - 2 scrolls of fear
 V - 2 scrolls of enchant weapon
 W - 3 scrolls of identify
Potions
 i - a potion of lignification
 j - a potion of resistance
 k - 5 potions of heal wounds
 n - 8 potions of curing
 u - 2 potions of might
 v - 3 potions of flight
 x - 4 potions of brilliance
 G - 2 potions of invisibility
 L - a potion of magic
 S - 2 potions of cancellation
 X - 4 potions of agility
Miscellaneous
 M - a lightning rod (4/4)
Comestibles
 d - 32 rations
 f - 4 chunks of flesh


   Skills:
 + Level 10.6(10.4) Fighting
 + Level 9.9(9.7) Maces & Flails
 - Level 6.0(5.8) Armour
 + Level 8.5(8.3) Dodging
 - Level 2.1(2.0) Stealth
 + Level 10.4(10.2) Spellcasting
 + Level 11.8(11.6) Conjurations
   Level 0.7(0.5) Transmutations
 * Level 9.0(8.8) Fire Magic
 + Level 13.2(13.0) Earth Magic
 - Level 6.0(5.8) Evocations


You had 14 spell levels left.
You knew the following spells:

 Your Spells              Type           Power        Failure   Level  Hunger
a - Sandblast             Erth           ######       0%          1    None
b - Stone Arrow           Conj/Erth      ######       1%          3    None
c - Lee's Rapid Deconstr  Erth           #######...   1%          5    ###....
d - Bolt of Magma         Conj/Fire/Erth ######....   1%          5    ###....
e - Iron Shot             Conj/Erth      #######...   1%          6    #####..

Your spell library contained the following spells:

 Spells                   Type           Power        Failure   Level  Hunger
 Spellforged Servitor     Conj/Summ      ######....   45%         7    ######.
 Magic Dart               Conj           ####         0%          1    None
 Freeze                   Ice            ###.         1%          1    None
 Passwall                 Tmut/Erth      ######..     1%          2    None
 Searing Ray              Conj           ######       1%          2    None
 Throw Frost              Conj/Ice       ######       1%          2    None
 Conjure Flame            Conj/Fire      ######..     1%          3    None
 Dazzling Spray           Conj/Hex       ######       1%          3    None
 Inner Flame              Hex/Fire       #####...     1%          3    None
 Mephitic Cloud           Conj/Pois/Air  #####...     1%          3    None
 Force Lance              Conj/Tloc      ######..     1%          4    None
 Fulminant Prism          Conj/Hex       ######....   1%          4    None
 Iskenderun's Mystic Bla  Conj           #######.     1%          4    None
 Leda's Liquefaction      Hex/Erth       ######....   1%          4    None
 Petrify                  Tmut/Erth      ######..     1%          4    None
 Throw Icicle             Conj/Ice       ######..     1%          4    None
 Animate Skeleton         Necr           N/A          2%          1    None
 Apportation              Tloc           ###...       2%          1    None
 Confusing Touch          Hex            ###...       2%          1    None
 Corona                   Hex            ###....      2%          1    None
 Summon Small Mammal      Summ           ###.         2%          1    None
 Blink                    Tloc           N/A          4%          2    None
 Call Imp                 Summ           ###.....     4%          2    None
 Shroud of Golubria       Chrm/Tloc      ###.......   4%          2    None
 Slow                     Hex            ###.....     4%          2    None
 Gell's Gravitas          Tloc           ###.......   9%          3    None
 Lesser Beckoning         Tloc           ###.......   9%          3    None
 Ozocubu's Armour         Chrm/Ice       ###.....     9%          3    None
 Portal Projectile        Hex/Tloc       ###...       9%          3    None
 Teleport Other           Tloc           ###.....     9%          3    None
 Cause Fear               Hex            ###.......   28%         4    None
 Passage of Golubria      Tloc           N/A          28%         4    None
 Summon Ice Beast         Ice/Summ       ###.....     28%         4    None


Dungeon Overview and Level Annotations

Branches:
Dungeon (14/15)            Temple (1/1) D:7            Lair (6/6) D:8
  Swamp (0/4) Lair:2       Spider (0/4) Lair:4        Slime (0/5) Lair:5
    Orc (2/2) D:10         Vaults (0/5) D:13
    Elf: Orc:2

Altars:
Ashenzari
Cheibriados
Dithmenos
Elyvilon
Fedhas
Gozag
Hepliaklqana
Kikubaaqudgha
Makhleb
Nemelex Xobeh
Okawaru
Qazlal
Ru
Sif Muna
Trog
Uskayaw
Vehumet
Wu Jian
Xom
Yredelemnul
Zin
The Shining One
Beogh

Shops:
D:9 (   D:11 (   D:13 (   Orc:2 ?*}

Portals:
Hell: Lair:6

Annotations:
D:4 1 runed door
Lair:3 exclusion: 2 oklob plants
Orc:1 1 runed door
Orc:2 Saint Roka


Innate Abilities, Weirdness & Mutations

You are resistant to torment.
Your stone body is resilient. (AC +11)
You are immune to poison.
Your large and strong wings let you fly indefinitely.
You resist negative energy. (rN+)
You are resistant to electric shocks. (rElec)
You can survive without breathing.
You are immune to petrification.
You are immune to rotting.
You have a pair of small antennae on your head.
You have large cloven feet.
Your muscles are strong. (Str +2)
Potions are less effective at restoring your health.


Message History

Casting: Lee's Rapid Deconstruction (safe; 1% risk of failure)
Confirm with . or Enter, or press ? or * to list all spells.
Aiming: Iron Shot (safe; 1% risk of failure)
Press: ? - help, Shift-Dir - straight line, f - warg
Aim: a warg The iron shot hits the warg.
You kill the warg!
Vehumet accepts your kill.
You feel your power returning.
The orc warrior throws a silver tomahawk.
The silver tomahawk barely misses you.
Casting: Iron Shot (safe; 1% risk of failure)
Confirm with . or Enter, or press ? or * to list all spells.
Aiming: Iron Shot (safe; 1% risk of failure)
Press: ? - help, Shift-Dir - straight line, f - orc warrior
Aim: an orc warrior, wielding a +0 war axe and wearing a +0 chain mail The iron shot misses the orc warrior.
An orc priest opens the door.
Saint Roka calls down the wrath of Beogh upon you.
Beogh smites you!
You die...

##...........%....
###...%.8.8.....#
###%....%...###
..##..))...##..
..%.....o......%
.......8o8).....
####...o.o{..###
###########'#####
#....#...##@#
#'##.#...##.# ≈##
#...#.##)###o# ≈P#
#...#....#.... ...
#####....#.##' ..#
#..#....#.# ..
..## #..))..)..#
..
...###..#)####.#
###
....#####.#..#...


You could see Saint Roka (inner flame), an orc warrior, 2 orc priests and an
orc.

Vanquished Creatures
  Rupert (Lair:4)
  A frost giant (IceCv)
  A dire elephant (Lair:6)
  Josephine (D:11)
  A vault guard (D:13)
  7 hydras
  A catoblepas (Lair:5)
  3 centaur warriors
  7 two-headed ogres
  3 death yaks
  A death knight (D:13)
  An orc high priest (Orc:2)
  An ogre mage (D:13)
  Sonja (Orc:2)
  A sun demon (Lair:6)
  3 unseen horrors
  4 orange crystal statues (Orc:1)
  A wizard (Lair:6)
  Pikel (D:8)
  5 orc knights
  2 ugly things
  5 oklob plants (Lair:5)
  3 orc sorcerers
  3 deep elf magi
  2 manticores
  3 cyclopes
  A centaur zombie (D:14)
  13 elephants
  Maurice (Orc:1)
  Psyche (D:12)
  A black mamba (shapeshifter) (D:14)
  An ice statue (IceCv)
  2 black mambas
  A torpor snail (Lair:2)
  2 orange demons (Lair:6)
  6 spiny frogs
  3 kobold demonologists (D:13)
  3 rime drakes
  A hellwing (Lair:6)
  9 komodo dragons
  An ice devil (Lair:6)
  7 trolls
  2 red devils (Lair:6)
  17 polar bears
  A hornet (D:12)
  2 bog bodies (Lair:2)
  8 blink frogs
  5 slime creatures
  19 hippogriffs
  Sigmund (D:2)
  A shadow (D:13)
  43 yaks
  5 wraiths (D:11)
  2 water elementals (D:14)
  2 basilisks (Lair:6)
  6 wyverns
  A swamp worm (Lair:2)
  A hungry ghost (D:12)
  7 wargs
  An acid dragon (D:13)
  15 water moccasins
  4 porcupines
  2 black bears
  8 hell hounds (Lair:6)
  33 orc warriors
  2 sky beasts
  A necrophage (D:6)
  A slave (D:8)
  13 ogres
  2 ice beasts
  8 centaurs
  14 wolves (IceCv)
  4 phantoms
  10 crocodiles
  3 big kobolds
  20 bullfrogs
  2 scorpions
  A wyvern skeleton (D:14)
  10 killer bees
  11 wights
  5 electric eels
  A howler monkey (D:8)
  5 crimson imps
  8 jellies
  25 orc priests
  15 orc wizards
  3 bullfrog zombies
  9 hounds
  3 bullfrog skeletons
  2 centaur skeletons
  6 iguanas
  7 worker ants
  2 hound skeletons (D:10)
  A howler monkey zombie (D:8)
  A worker ant zombie (D:10)
  Robin (D:2)
  8 gnolls
  10 adders
  2 shadow imps
  12 white imps (Lair:5)
  5 oozes (D:13)
  An adder zombie (D:5)
  An adder skeleton (D:10)
  2 worms
  9 leopard geckos
  107 orcs
  10 giant cockroaches
  17 goblins
  20 hobgoblins
  12 jackals
  22 kobolds
  6 quokkas
  7 bats
  7 frilled lizards
  A jackal skeleton (D:9)
  A quokka zombie (D:5)
  6 rats
  A spectral orc (D:8)
  A fungus (Lair:5)
  A plant (Lair:6)
767 creatures vanquished.

Vanquished Creatures (others)
  4 yaks (IceCv)
  An ice beast (D:9)
  3 wolves (IceCv)
  A wight (D:9)
  An orc wizard (Orc:2)
  A howler monkey zombie (D:9)
  An orc (D:11)
  6 fungi
  2 plants (D:8)
20 creatures vanquished.

Grand Total: 787 creatures vanquished

Notes
Turn   | Place    | Note
-------+----------+-------------------------------------------
     0 | D:1      | Mazzaar the Gargoyle Earth Elementalist began the quest for
                  | the Orb.
     0 | D:1      | Reached XP level 1. HP: 10/10 MP: 3/3
   406 | D:1      | Reached XP level 2. HP: 15/15 MP: 0/5
   411 | D:1      | Reached skill level 4 in Earth Magic
  1113 | D:1      | Reached XP level 3. HP: 13/19 MP: 3/6
  1118 | D:1      | Learned a level 3 spell: Stone Arrow
  1775 | D:2      | Reached skill level 1 in Conjurations
  1998 | D:2      | Found a white marble altar of Elyvilon.
  2007 | D:2      | Noticed Sigmund
  2015 | D:2      | Killed Sigmund
  2015 | D:2      | Reached skill level 5 in Earth Magic
  2015 | D:2      | Reached XP level 4. HP: 16/24 MP: 2/9
  2015 | D:2      | Reached XP level 5. HP: 18/28 MP: 2/10
  2093 | D:2      | Reached XP level 6. HP: 28/32 MP: 9/11
  2401 | D:2      | Found a sparkling altar of Nemelex Xobeh.
  2462 | D:2      | Noticed Robin
  2480 | D:2      | Killed Robin
  3044 | D:3      | Noticed a phantom
  3081 | D:3      | Killed a phantom
  3081 | D:3      | Reached skill level 6 in Earth Magic
  3126 | D:3      | Reached XP level 7. HP: 31/36 MP: 5/13
  3263 | D:2      | Learned a level 5 spell: Lee's Rapid Deconstruction
  4261 | D:4      | Found a glowing silver altar of Zin.
  4263 | D:4      | Found a runed door.
  4263 | D:4      | Noticed an angel
  4851 | D:5      | Entered Level 5 of the Dungeon
  4861 | D:5      | Reached skill level 5 in Spellcasting
  4861 | D:5      | Reached skill level 7 in Earth Magic
  4954 | D:5      | Reached skill level 5 in Conjurations
  4954 | D:5      | Reached XP level 8. HP: 41/41 MP: 2/15
  5275 | D:5      | Found a shimmering altar of Xom.
  5428 | D:5      | Reached skill level 1 in Armour
  5518 | D:5      | Reached skill level 1 in Fighting
  5560 | D:6      | Reached skill level 1 in Maces & Flails
  5560 | D:6      | Reached skill level 1 in Evocations
  5756 | D:6      | You fall through a shaft for 3 floors!
  5756 | D:9      | Found an iron altar of Okawaru.
  6129 | D:6      | Reached XP level 9. HP: 31/48 MP: 8/17
  6425 | D:6      | Gained mutation: You can translocate small distances at
                  | will. [potion of mutation]
  6425 | D:6      | Gained mutation: Your spells are a little easier to cast,
                  | but a little less powerful. [potion of mutation]
  6425 | D:6      | Gained mutation: You expend magic power (3 MP) to
                  | strengthen your wands. [potion of mutation]
  6425 | D:6      | Gained mutation: Your muscles are strong. (Str +2) [potion
                  | of mutation]
  6426 | D:6      | Lost mutation: You expend magic power (3 MP) to strengthen
                  | your wands. [potion of mutation]
  6426 | D:6      | Lost mutation: You can translocate small distances at will.
                  | [potion of mutation]
  6426 | D:6      | Gained mutation: You have a pair of small antennae on your
                  | head. [potion of mutation]
  6426 | D:6      | Gained mutation: You are robust. (+10% HP) [potion of
                  | mutation]
  6426 | D:6      | Gained mutation: You are agile. (Dex +2) [potion of
                  | mutation]
  7092 | D:7      | Reached skill level 8 in Earth Magic
  7253 | D:7      | Found a staircase to the Ecumenical Temple.
  7269 | Temple   | Entered the Ecumenical Temple
  7527 | D:7      | Noticed a +0 dagger
  7527 | D:7      | Noticed a -1 dagger
  7531 | D:7      | Found a hide-covered altar of Uskayaw.
  7953 | D:8      | Found a basalt altar of Yredelemnul.
  8154 | D:8      | Reached XP level 10. HP: 61/61 MP: 9/19
  8192 | D:8      | Noticed Pikel
  8200 | D:8      | Killed Pikel
  8300 | D:8      | Found a sacrificial altar of Ru.
  8433 | D:8      | Found a deep blue altar of Sif Muna.
  8495 | D:8      | Found a staircase to the Lair.
  8696 | D:9      | Found a radiant altar of Vehumet.
  8706 | D:9      | Became a worshipper of Vehumet
  8867 | D:9      | Noticed a two-headed ogre
  8874 | D:9      | Killed a two-headed ogre
  8967 | D:9      | Found a blossoming altar of Fedhas.
  8967 | D:9      | Found a snail-covered altar of Cheibriados.
  9068 | D:9      | Found a faded altar of an unknown god.
  9072 | D:9      | Found a glowing golden altar of the Shining One.
  9074 | D:9      | Found a shattered altar of Ashenzari.
  9310 | D:9      | Found Saeth's Antique Weapon Shop.
  9322 | D:9      | Bought a jewelled flail for 263 gold pieces
  9322 | D:9      | Identified the +6 flail of Ruoptugo {antimagic, Str+2} (You
                  | bought it in a shop on level 9 of the Dungeon)
  9703 | D:9      | Found an ornate altar of the Wu Jian Council.
  9874 | D:10     | Entered Level 10 of the Dungeon
  9906 | D:10     | Reached skill level 9 in Earth Magic
  9910 | D:10     | Reached * piety under Vehumet
  9910 | D:10     | Offered knowledge of Flame Tongue by Vehumet.
  9912 | D:10     | Reached skill level 5 in Armour
  9931 | D:10     | Reached skill level 5 in Fighting
 10418 | D:10     | Reached XP level 11. HP: 69/69 MP: 5/21
 10465 | D:10     | Noticed a two-headed ogre
 10472 | D:10     | Killed a two-headed ogre
 10624 | D:10     | Found a staircase to the Orcish Mines.
 10964 | D:10     | Reached skill level 5 in Maces & Flails
 10992 | D:10     | Killed an unseen horror
 11237 | D:11     | Killed an unseen horror
 11427 | D:11     | Noticed Josephine
 11746 | D:11     | Killed Josephine
 11746 | D:11     | Reached skill level 5 in Evocations
 11756 | D:11     | Reached ** piety under Vehumet
 11756 | D:11     | Offered knowledge of Throw Flame by Vehumet.
 11756 | D:11     | Reached skill level 5 in Dodging
 12054 | D:11     | Found Ydo Qothuorch's Weapon Shoppe.
 12054 | D:11     | Noticed a green ugly thing
 12225 | D:11     | Killed a green ugly thing
 12508 | D:12     | Noticed a deep elf mage
 12524 | D:12     | Killed a deep elf mage
 12524 | D:12     | Reached skill level 10 in Earth Magic
 12784 | D:12     | Killed an unseen horror
 12784 | D:12     | Reached XP level 12. HP: 72/78 MP: 3/23
 13326 | D:12     | Noticed Psyche
 13330 | D:12     | Killed Psyche
 13597 | D:13     | Offered knowledge of Dazzling Spray by Vehumet.
 13832 | D:13     | Found Dimil's Weapon Shop.
 13894 | D:13     | Got a pair of transparent boots
 13905 | D:13     | Identified the +1 pair of boots of Magic {rF++ MR- rCorr
                  | Int+4} (You found it on level 13 of the Dungeon)
 13950 | D:13     | Noticed a soul eater
 13965 | D:13     | Reached *** piety under Vehumet
 14039 | D:13     | Noticed a vault guard
 14045 | D:13     | Killed a vault guard
 14121 | D:13     | Found a gate to the Vaults.
 14143 | D:13     | Noticed an ogre mage
 14144 | D:13     | Noticed a two-headed ogre
 14152 | D:13     | Killed an ogre mage
 14156 | D:13     | Killed a two-headed ogre
 14541 | D:13     | You fall through a shaft!
 14559 | D:14     | Noticed a centaur warrior
 14779 | D:13     | Noticed a death knight
 14784 | D:13     | Killed a death knight
 14923 | D:13     | Offered knowledge of Sticky Flame by Vehumet.
 15010 | D:13     | Noticed a centaur warrior
 15025 | D:13     | Killed a centaur warrior
 15494 | D:14     | Reached skill level 11 in Earth Magic
 15576 | D:14     | Reached XP level 13. HP: 85/85 MP: 21/25
 15766 | D:14     | Reached **** piety under Vehumet
 15772 | D:14     | Offered knowledge of Bolt of Magma by Vehumet.
 16177 | D:14     | Learned a level 5 spell: Bolt of Magma
 17035 | Lair:1   | Entered Level 1 of the Lair of Beasts
 17222 | Lair:1   | Reached skill level 1 in Fire Magic
 18250 | Lair:2   | Found a staircase to the Swamp.
 18434 | Lair:2   | Reached skill level 10 in Conjurations
 20891 | Lair:4   | Found a hole to the Spider Nest.
 21146 | Lair:4   | Noticed Rupert
 21170 | Lair:4   | Killed Rupert
 21170 | Lair:4   | Gained mutation: Your large and strong wings let you fly
                  | indefinitely. [Gargoyle growth]
 21170 | Lair:4   | Reached XP level 14. HP: 90/94 MP: 12/27
 21428 | Lair:4   | Reached ***** piety under Vehumet
 21428 | Lair:4   | Offered knowledge of Iron Shot by Vehumet.
 21436 | Lair:4   | Learned a level 6 spell: Iron Shot
 21525 | Lair:4   | Lost mutation: You are robust. (+10% HP) [potion of
                  | mutation]
 21525 | Lair:4   | Lost mutation: You are agile. (Dex +2) [potion of mutation]
 21525 | Lair:4   | Lost mutation: Your muscles are strong. (Str +2) [potion of
                  | mutation]
 21525 | Lair:4   | Lost mutation: Your spells are a little easier to cast, but
                  | a little less powerful. [potion of mutation]
 21525 | Lair:4   | Gained mutation: Potions are less effective at restoring
                  | your health. [potion of mutation]
 21525 | Lair:4   | Gained mutation: Your muscles are strong. (Str +2) [potion
                  | of mutation]
 21525 | Lair:4   | Gained mutation: You have large cloven feet. [potion of
                  | mutation]
 21946 | Lair:5   | Found the cursed +14 obsidian axe {chop, +Fly SInv *Curse}
 21988 | Lair:5   | Reached skill level 12 in Earth Magic
 22002 | Lair:5   | Found a staircase to the Slime Pits.
 22082 | Lair:5   | Found a frozen archway.
 22111 | IceCv    | Entered an ice cave
 22380 | IceCv    | Reached skill level 5 in Fire Magic
 23588 | IceCv    | Noticed a frost giant
 23603 | IceCv    | Killed a frost giant
 23869 | IceCv    | Offered knowledge of Iskenderun's Battlesphere by Vehumet.
 25497 | Lair:6   | Entered Level 6 of the Lair of Beasts
 25611 | Lair:6   | Identified a scroll of acquirement
 25612 | Lair:6   | Got a crude eveningstar
 25613 | Lair:6   | Identified the +3 eveningstar "Widowmaker" {flame, rC+
                  | Str+3} (You acquired it on level 6 of the Lair of Beasts)
 26397 | Lair:6   | Reached XP level 15. HP: 42/92 MP: 12/28
 26398 | Lair:6   | Reached skill level 10 in Fighting
 26398 | Lair:6   | Reached skill level 10 in Spellcasting
 27658 | Lair:6   | Offered knowledge of Bolt of Cold by Vehumet.
 27940 | Lair:6   | Found a burning altar of Makhleb.
 28292 | Lair:6   | Found a gateway to Hell.
 28585 | Orc:1    | Entered Level 1 of the Orcish Mines
 28976 | Orc:1    | Noticed Maurice
 28983 | Orc:1    | Killed Maurice
 28983 | Orc:1    | Reached skill level 13 in Earth Magic
 29242 | Orc:2    | Entered Level 2 of the Orcish Mines
 29362 | Orc:2    | Noticed Sonja
 29385 | Orc:2    | Killed Sonja
 29518 | Orc:1    | Found a runed door.
 29611 | Orc:1    | Found a runed door.
 29622 | Orc:1    | Found the +10 large shield of Ignorance {rN+ Int-4}
 30366 | Orc:2    | Found Wiet's Assorted Antiques.
 30390 | Orc:2    | Bought a scroll labeled QUUL BANAGE for 19 gold pieces
 30645 | Orc:2    | Found Oxae's Magic Scroll Shoppe.
 30889 | Orc:2    | Found a roughly hewn altar of Beogh.
 30917 | Orc:2    | Offered knowledge of Spellforged Servitor by Vehumet.
 31727 | Orc:2    | Found Xiwi's Gadget Emporium.
 31930 | Orc:2    | Found a roughly hewn altar of Beogh.
 31931 | Orc:2    | Noticed Saint Roka
 31949 | Orc:2    | Killed from afar by Saint Roka

Vault maps used:
D:1:      lightli_arrival_farm
D:2:      overflow_temple_1_default, old_standard_altar, first_ration,
          kennysheep_small_spiral, minmay_between, uniq_robin, uniq_sigmund
D:3:      minmay_evil_eye
D:4:      lemuel_angel_altar
D:5:      led_xom_imps
D:6:      hex_tiny
D:7:      minmay_angry_zag, dancing_weapons_uskayaw, minmay_temple_entry_trees,
          hex_large
D:8:      nicolae_ru_awakened_eye, overflow_temple_1_default,
          yredelemnul_forgotten_temple_becter, david_lair_shrubbed, uniq_pikel
D:9:      kennysheep_little_box, fiery_altar_vehumet,
          nicolae_overflow_crystal_walls, chequers_temple_overflow_minitemple,
          serial_shops, shop
D:10:     orc_0_dummy
D:11:     serial_shops, nicolae_shop_trees, uniq_josephine
D:12:     uniq_psyche
D:13:     david_vaults_5, serial_shops, nicolae_shop_window_shopping,
          hangedman_little_slice_of_home
D:14:     kennysheep_path_1, minivault_24, kennysheep_two_boxes
Temple:   nicolae_temple_figure_zero
Lair:1:   serial_bayou_ford_a, grunt_megastairs_5
Lair:2:   nicolae_swamp_entry_splash_gauntlet, grunt_megastairs_2
Lair:3:   grunt_megastairs_4, minmay_lair_oklob_chamber
Lair:4:   spider_nest_entry_web_field, beast_lair_carwin_10, uniq_rupert
Lair:5:   minmay_slime_entry_oklob_open, portal_ice_cave_entry_imps,
          dpeg_oklob_1, grunt_megastairs_1, infiniplex_staircase_pool
Lair:6:   evil_forest, special_room
Orc:1:    chequers_guarded_unrand_ignorance, uniq_maurice
Orc:2:    pubby_orc_utopia, serial_shops, uniq_sonja
IceCv:    ice_cave_caverns_02

Skill      XL: |  1  2  3  4  5  6  7  8  9 10 11 12 13 14 15 |
---------------+----------------------------------------------+-----
Earth Magic    | 4 5 6 7 8 9 10 11 12 13 | 13.2
Conjurations   | 2 3 5 6 7 8 9 10 11 | 11.8
Spellcasting   | 3 4 5 6 7 8 9 10 | 10.4
Armour         | 2 3 5 6 |  6.0
Fighting       | 2 3 5 6 7 9 10 | 10.6
Maces & Flails | 2 3 4 5 7 8 9 |  9.9
Dodging        | 2 3 4 5 6 7 8 |  8.5
Evocations     | 2 3 4 5 6 |  6.0
Fire Magic     | 4 7 9 |  9.0
Stealth        | |  2.1
Transmutations | |  0.7

Action                   |  1- 3 |  4- 6 |  7- 9 | 10-12 | 13-15 || total
-------------------------+-------+-------+-------+-------+-------++-------
Melee: Unarmed           |    25 |       |       |       |       ||    25
       Club              |    70 |    13 |       |       |       ||    83
       Short sword       |       |    81 |     9 |       |       ||    90
       Flail             |       |       |   258 |   252 |   300 ||   810
       Eveningstar       |       |       |       |       |   371 ||   371
 Cast: Sandblast         |    35 |    39 |    64 |   148 |   145 ||   431
       Stone Arrow       |     1 |       |    30 |   101 |    83 ||   215
       Lee's Rapid Decon |       |       |    15 |    20 |    31 ||    66
       Bolt of Magma     |       |       |       |       |   113 ||   113
       Iron Shot         |       |       |       |       |    42 ||    42
 Abil: Fly               |       |       |       |       |     1 ||     1
       Evoke Berserk Rag |       |       |       |       |     1 ||     1
Evoke: Wand              |       |       |       |    16 |     2 ||    18
  Use: Potion            |     4 |     2 |     2 |     1 |    12 ||    21
       Scroll            |     3 |     2 |    12 |    10 |    12 ||    39
 Stab: Sleeping          |     3 |     2 |     8 |     2 |     5 ||    20
       Distracted        |       |       |       |     1 |       ||     1
  Eat: Chunk             |     4 |     3 |    17 |    19 |    44 ||    87
       Ration            |       |       |     1 |     3 |     9 ||    13
Armor: Robe              |    55 |    33 |       |    38 |   491 ||   617
       Animal skin       |       |     8 |   174 |   168 |       ||   350
Dodge: Dodged            |   106 |    66 |   279 |   323 |   817 ||  1591

Table legend:
 A = Non-vault XP
 B = Vault XP
 C = Vault XP percentage of total XP
 D = Non-vault monster count
 E = Vault monster count
 F = Vault count percentage of total count
                 A         B        C        D         E       F
            +---------+---------+-------+---------+---------+-------
      Total |   62157 |   62836 |  50.3 |     483 |     282 |  36.9
            +---------+---------+-------+---------+---------+-------
        D:1 |      42 |       0 |   0.0 |      26 |       0 |   0.0
        D:2 |      69 |     289 |  80.7 |      20 |      19 |  48.7
        D:3 |     420 |      10 |   2.3 |      39 |       4 |   9.3
        D:4 |     270 |       0 |   0.0 |      14 |       0 |   0.0
        D:5 |     351 |      96 |  21.5 |      17 |       2 |  10.5
        D:6 |     873 |       0 |   0.0 |      23 |       0 |   0.0
        D:7 |     793 |     119 |  13.0 |      19 |       2 |   9.5
        D:8 |    1448 |     968 |  40.1 |      25 |       3 |  10.7
        D:9 |    1759 |       0 |   0.0 |      26 |       0 |   0.0
       D:10 |    5667 |       0 |   0.0 |      40 |       0 |   0.0
       D:11 |    2117 |    2094 |  49.7 |      12 |       6 |  33.3
       D:12 |    3859 |     448 |  10.4 |      27 |       1 |   3.6
       D:13 |    6922 |    1441 |  17.2 |      34 |      10 |  22.7
       D:14 |    7395 |    1789 |  19.5 |      47 |       4 |   7.8
     Lair:1 |    1260 |     278 |  18.1 |       8 |       2 |  20.0
     Lair:2 |    2310 |    1205 |  34.3 |       9 |       6 |  40.0
     Lair:3 |    1775 |     364 |  17.0 |       8 |       1 |  11.1
     Lair:4 |    5085 |    5295 |  51.0 |      21 |       5 |  19.2
     Lair:5 |    6102 |    2939 |  32.5 |      15 |      17 |  53.1
     Lair:6 |   10294 |   16973 |  62.2 |      30 |      51 |  63.0
      Orc:1 |    3346 |    3170 |  48.6 |      23 |       5 |  17.9
      Orc:2 |       0 |   13644 | 100.0 |       0 |      97 | 100.0
      IceCv |       0 |   11714 | 100.0 |       0 |      47 | 100.0
            +---------+---------+-------+---------+---------+-------
